AoeStats
← EmirBagtas

Arabia

509928020Analyzed
1v1 RM · 2d ago on Sep 28, 2026· 29m 53s· 2 players
Game mode
Random Map
Map size
Tiny (2 player)
Population
200
Speed
Normal
Resources
Standard
Victory
Conquest
Starting age
Dark Age
Ending age
Imperial Age
RankedLock teamsTeams togetherTeam positionsShared explorationLock speedFull tech treeHidden civsTurbo modeCheats
Victory
Defeat
🇺🇸 Inca · United States
887
+17
🇹🇷 Magyars · Türkiye
899
-48
Lost13oyy
9:48 Feudal Age
10:23 Loom
11:14 Double-Bit Axe
11:50 Horse Collar
15:37 Wheelbarrow
14:28 Champi Runner
21:07 Castle Age
19:50 Scale Mail Armor
22:16 Crossbowman
22:22 Champi Warrior
23:00 Fletching
23:11 Padded Archer Armor
23:14 Gold Mining
23:55 Squires
24:08 Forging
26:03 Heavy Plow
28:28 Town Watch
EmirBagtas
11:54 Feudal Age
13:28 Man-at-Arms
16:42 Horse Collar
18:32 Stone Mining
18:33 Gold Mining
24:47 Castle Age
25:25 Double-Bit Axe
26:14 Heavy Plow
26:51 Gold Shaft Mining
Connection lost

Rejoining the realm…

Still unreachable

The connection could not be restored.

Session expired

The server has moved on; the page needs a fresh start.